 Dungeon Crawl Stone Soup version 0.18-a0-1120-g03bd624 (webtiles) character file.

539 gorblad the Ducker (level 7, -1/47 HPs)
             Began as a High Elf Fighter on Jan 17, 2016.
             Slain by an ogre
             ... wielding a +0 giant club
              (18 damage)
             ... on level 4 of the Dungeon.
             The game lasted 00:07:30 (2966 turns).

gorblad the Ducker (High Elf Fighter)               Turns: 2966, Time: 00:07:30

Health: -1/47      AC:  4    Str: 17    XL:     7   Next: 5%
Magic:  0/0        EV: 16    Int: 11    God:
Gold:   118        SH:  9    Dex: 16    Spells: 0 memorised, 6 levels left

rFire  . . .     SeeInvis .     a - +1 rapier
rCold  . . .     Gourm    .     e - +1 robe of Prudence {Regen+ rCorr MP-9}
rNeg   . . .     Faith    .     c - +0 shield
rPois  .         Spirit   .     (no helmet)
rElec  .         Dismiss  .     (no cloak)
rCorr  +         Reflect  .     i - +0 pair of gloves
SustAt .         Harm     .     (no boots)
MR     .....                    (no amulet)
Stlth  ++........               (no ring)
                                m - +3 ring of evasion

@: not resistant to hostile enchantments, unstealthy
A: no striking features
a: no special abilities


You were on level 4 of the Dungeon.
You were not hungry.

You visited 1 branch of the dungeon, and saw 4 of its levels.

You collected 118 gold pieces.

Inventory:

Hand Weapons
 a - a +1 rapier (weapon)
Armour
 b - a +0 scale mail
 c - a +0 shield (worn)
 e - the +1 robe of Prudence (worn) {Regen+ rCorr MP-9}
   (You found it on level 4 of the Dungeon)

   It affects your magic capacity (-9).
   It increases your rate of regeneration.
   It protects you from acid and corrosion.
 i - a +0 pair of gloves (worn)
Jewellery
 m - a +3 ring of evasion (left hand)
Scrolls
 g - a scroll of teleportation
 j - a scroll of remove curse
Potions
 l - a potion of haste
 n - a potion of mutation {unknown}
Books
 o - a book of Annihilations

   Spells                             Type                      Level
   a - Poison Arrow                   Conjuration/Poison           6
   b - Chain Lightning                Conjuration/Air              8
   c - Lehudib's Crystal Spear        Conjuration/Earth            8
   d - Glaciate                       Conjuration/Ice              9
   e - Fire Storm                     Conjuration/Fire             9
Comestibles
 d - a chunk of flesh
 f - 2 bread rations
 h - 2 meat rations


   Skills:
 + Level 3.8 Fighting
 + Level 3.9 Short Blades
 + Level 3.6 Armour
 + Level 4.9 Dodging
 + Level 0.2 Stealth
 + Level 4.2 Shields


You had 6 spell levels left.
You didn't know any spells.

Dungeon Overview and Level Annotations

Branches:
Dungeon (4/15)
 Temple: D:4-7

Altars:
Makhleb
Nemelex Xobeh
Ru
Yredelemnul

Shops:
D:4 *


Message History

Found an embroidered cloak.
An ogre comes into view. It is wielding a giant club.
The ogre shouts!
The ogre misses you.
You barely miss the ogre. The ogre completely misses you.
You hit the ogre.
The ogre is lightly wounded.
You hit the ogre.
The ogre is moderately wounded.
The ogre hits you with a giant club!
You hit the ogre.
The ogre is moderately wounded.
You block the ogre's attack.
You closely miss the ogre.
The ogre is moderately wounded.
The ogre hits you with a giant club!
You barely miss the ogre.
The ogre is moderately wounded.
The ogre hits you with a giant club!!
You die...

........# .. #.###<# #.# #......
##[# ####### ... #(# ## #. #
#.####..#..# #.
..###+#...#.##..........####.####
#...............@O...............
#.......#.#.##.######.#.#.##.....
#......##.#.##.# #.#.#.####.#.
#.....##.#.##.######...#.##.#.#.
#.....##.#.##......##..#.##.#.#.
##.....##.#.###...∩..............
.......##'#'###.###.##..#.##.#.#.
..#..............)...............
#........<.##.###)###........#.


You could see an ogre.

Vanquished Creatures
  The ghost of tof the Shield-Bearer, an amateur FoFi (D:3)
  A centaur (D:3)
  An orc priest (D:4)
  A hound (D:4)
  2 orc wizards (D:4)
  A worker ant (D:4)
  3 adders
  A gnoll (D:2)
  2 worms (D:3)
  3 giant geckos
  9 orcs
  8 bats
  4 giant cockroaches
  9 goblins
  6 hobgoblins
  7 jackals
  A quokka (D:3)
  2 giant newts
  12 kobolds
  6 rats
80 creatures vanquished.

Vanquished Creatures (others)
  A bat (D:3)
1 creature vanquished.

Grand Total: 81 creatures vanquished

Notes
Turn   | Place    | Note
--------------------------------------------------------------
     0 | D:1      | gorblad the High Elf Fighter began the quest for the Orb.
     0 | D:1      | Reached XP level 1. HP: 16/16 MP: 2/2
   165 | D:1      | Reached XP level 2. HP: 17/21 MP: 3/3
   584 | D:2      | HP: 1/21 [kobold (3)]
   946 | D:2      | Found a sparkling altar of Nemelex Xobeh.
   946 | D:2      | Found a burning altar of Makhleb.
   948 | D:2      | Found a sacrificial altar of Ru.
  1062 | D:2      | Reached skill level 1 in Dodging
  1062 | D:2      | Reached XP level 3. HP: 12/26 MP: 4/4
  1584 | D:3      | Noticed tof's ghost (amateur FoFi)
  1587 | D:3      | Noticed a centaur
  1617 | D:3      | Killed tof's ghost
  1617 | D:3      | Reached XP level 4. HP: 21/31 MP: 5/5
  1617 | D:3      | Reached XP level 5. HP: 24/36 MP: 6/6
  1628 | D:3      | HP: 1/36 [centaur (4)]
  1637 | D:3      | Killed a centaur
  1637 | D:3      | Reached skill level 4 in Dodging
  1637 | D:3      | Reached XP level 6. HP: 2/42 MP: 7/7
  2754 | D:4      | Found a basalt altar of Yredelemnul.
  2785 | D:4      | Found Jofiv's Assorted Antiques.
  2881 | D:4      | Reached XP level 7. HP: 25/47 MP: 8/8
  2885 | D:4      | Got an ancient robe
  2896 | D:4      | Identified the +1 robe of Prudence {Regen+ rCorr MP-9} (You found it on level 4 of the Dungeon)
  2966 | D:4      | Slain by an ogre

Vault maps used:
D:1:      dpeg_arrival_pits
D:2:      nicolae_overflow_hidden_temple, st_stairs_4, grunt_ministairs_12,
          minmay_door_square, hex_medium, minmay_ruptured
D:3:      first_bread, corexii_shack, minmay_misc_feat_diagonals
D:4:      kennysheep_mini, lemuel_crystal_altar,
          minmay_temple_entry_from_below_a, serial_shops, shop,
          yredelemnul_altar_generic

Action                   |  1- 3 |  4- 6 |  7- 9 || total
-------------------------+-------+-------+-------++-------
Melee: Rapier            |   143 |   186 |     6 ||   335
  Use: Scroll            |     9 |     5 |       ||    14
       Potion            |     5 |     1 |       ||     6
  Eat: Chunk             |     2 |     5 |       ||     7
